 Dungeon Crawl Stone Soup version 0.31-a0-1074-g0b22e4e0f1 (webtiles) character file.

Game seed: 2531298281241807539

266 Curundu the Chopper (level 6, 0/52 HPs)
             Began as a Draconian Berserker on Dec 2, 2023.
             Was a Believer of Trog.
             Slain by Ijyb
             ... wielding a +5 club
              (9 damage)
             ... on level 3 of the Dungeon.
             The game lasted 00:11:48 (1802 turns).

Curundu the Chopper (Draconian Berserker)           Turns: 1802, Time: 00:11:48

Health: 0/52       AC:  6    Str: 19    XL:     6   Next: 0%
Magic:  6/6        EV: 13    Int:  8    God:    Trog [**....]
Gold:   136        SH:  0    Dex: 12    Spells: 5/5 levels left

rFire   + . .        a - +1 hand axe
rCold   + . .        (no shield)
rNeg    . . .        (body armour unavailable)
rPois   +            (helmet restricted)
rElec   +            (no cloak)
rCorr   +            (no gloves)
SInv    .            (no boots)
Will    .....        (no amulet)
Stlth   +            (no ring)
HPRegen 0.28/turn    (no ring)
MPRegen 0.10/turn

%: no passive effects
@: confused, resistant, on berserk cooldown, hasted and slowed
A: AC +6, unfitting armour, cold-blooded
a: Renounce Religion, Berserk, Trog's Hand


You were on level 3 of the Dungeon.
You worshipped Trog.
Trog was pleased with you.
You visited 1 branch of the dungeon, and saw 3 of its levels.

You collected 136 gold pieces.

Inventory:

Hand Weapons
 a - a +1 hand axe (weapon)
Missiles
 d - 23 stones
 h - 5 boomerangs (quivered)
Magical Staves
 i - a staff of poison
 m - a staff of death
Scrolls
 b - a scroll of enchant armour
 g - a scroll of brand weapon {unknown}
 j - a scroll of amnesia {unknown}
 l - a scroll of revelation
Potions
 c - 3 potions of haste
 e - a potion of heal wounds {unknown}


   Skills:
 + Level 4.1 Fighting
 + Level 5.1 Axes
 + Level 0.5 Throwing
 + Level 4.1 Dodging


You had 5 spell levels left.
You didn't know any spells.
Your spell library contained the following spells:

 Spells                   Type           Power      Damage    Failure   Level
 Freeze                   Ice            0%         1d3       41%         1
 Call Canine Familiar     Summ           0%         N/A       78%         3
 Frozen Ramparts          Ice            0%         1d1       78%         3
 Hailstorm                Conj/Ice       0%         3d3       78%         3
 Sigil of Binding         Hex            0%         N/A       78%         3
 Dimensional Bullseye     Hex/Tloc       0%         N/A       99%         4
 Leda's Liquefaction      Hex/Erth       0%         N/A       99%         4


Dungeon Overview and Level Annotations

Branches:
Dungeon (3/15)

Altars:

Annotations:
D:3 Ijyb


Innate Abilities, Weirdness & Mutations

Your plain brown scales are hard. (AC +6)
You cannot fit into any form of body armour.
You are cold-blooded and may be slowed by cold attacks.


Message History

You miss Ijyb. Ijyb hits you with a +5 club.
* * * LOW HITPOINT WARNING * * *
You have reached level 6!
Your scales feel tougher.
You bump into the crystal wall.
Ijyb zaps a wand.
Your will is overpowered!
You are more confused.
You're too confused to move!
Ijyb closely misses you.
You bump into the crystal wall.
Ijyb closely misses you.
You closely miss Ijyb.
Ijyb is severely wounded.
You bump into the crystal wall.
Ijyb barely misses you.
You bump into the crystal wall.
Ijyb barely misses you.
Ijyb zaps a wand.
Your will is overpowered!
You are more confused.
You see here a hobgoblin corpse.
You're too confused to move!
You're too confused to move!
Ijyb closely misses you.
You're too confused to move!
Ijyb hits you with a +5 club.
* * * LOW HITPOINT WARNING * * *
You miss Ijyb.
Ijyb is severely wounded.
Ijyb zaps a wand.
Your will is overpowered!
You are more confused.
It was a potion of berserk rage.
A red film seems to cover your vision as you go berserk!
You feel yourself moving faster!
You feel mighty!
You feel a strong urge to attack something.
Ijyb closely misses you. Ijyb attacks as she pursues you!
Ijyb hits you but does no damage.
You feel your anger nearly subside.
You are no longer berserk.
You are exhausted.
You feel yourself slow down. Ijyb hits you with a +5 club.
* * * LOW HITPOINT WARNING * * *
Ijyb misses you.
You barely miss Ijyb.
Ijyb is severely wounded.
Your extra speed is starting to run out.
Ijyb hits you with a +5 club!
You die...

..# #..### .....
########### ...#
#.........##...##
#.#.###.#.#.....#
#.......#.g....#
#......†#####g.....
#....g@.# .....
#.......# g...
#.[...))# ...
#######)# gg #.# .
#.# #.. ..+. .##..


You could see Ijyb.

Vanquished Creatures
  Sigmund (D:2)
  Jessica (D:2)
  Robin (D:3)
  A dart slug (D:2)
  4 bats
  5 endoplasms
  3 giant cockroaches
  9 goblins
  7 hobgoblins
  6 jackals
  A quokka (D:2)
  5 ball pythons
  3 frilled lizards (D:2)
  4 kobolds
  3 rats
54 creatures vanquished.

Notes
Turn   | Place    | Note
-------+----------+-------------------------------------------
     0 | D:1      | Curundu the Draconian Berserker began the quest for the
                  | Orb.
     0 | D:1      | Reached XP level 1. HP: 19/19 MP: 1/1
   137 | D:1      | Reached XP level 2. HP: 15/26 MP: 2/2
   367 | D:1      | Reached ** piety under Trog
   632 | D:1      | Reached XP level 3. HP: 33/33 MP: 3/3
  1287 | D:2      | Noticed Jessica
  1299 | D:2      | Killed Jessica
  1300 | D:2      | Reached XP level 4. HP: 32/40 MP: 4/4
  1378 | D:2      | Noticed Sigmund
  1386 | D:2      | Killed Sigmund
  1387 | D:2      | Reached skill level 5 in Axes
  1387 | D:2      | Reached XP level 5. HP: 39/46 MP: 5/5
  1722 | D:3      | Noticed Robin
  1722 | D:3      | Noticed Ijyb
  1763 | D:3      | Killed Robin
  1782 | D:3      | Reached XP level 6. HP: 14/52 MP: 6/6
  1802 | D:3      | Slain by Ijyb

Illustrated notes

Levels and vault maps discovered:
D:1:      minmay_arrival_split_and_join, layout_rooms
D:2:      layout_loops_ring, uniq_jessica, uniq_sigmund
D:3:      layout_loops_corners, minmay_crystal_room, hangedman_decor_points,
          nicolae_goblin_pals, uniq_natasha

Skill      XL: |  1  2  3  4 |
---------------+-------------+-----
Dodging        | 3 4 |  4.1
Fighting       | 4 |  4.1
Axes           | 5 |  5.1
Throwing       | |  0.5

Action                     |  1- 3 |  4- 6 || total
---------------------------+-------+-------++-------
  Melee: Hand axe          |   110 |    52 ||   162
         Tailslap          |    13 |     5 ||    18
  Throw: Boomerang         |     4 |       ||     4
    Use: Scroll            |     4 |     1 ||     5
         Potion            |       |     3 ||     3
 Armour: Skin              |    83 |    33 ||   116
  Dodge: Dodged            |    90 |    51 ||   141

Table legend: (Time is in decaauts)
 A = Elapsed time spent in this place.
 B = Non-inter-level travel time spent in this place.
 C = Inter-level travel time spent in this place.
 D = Time resting spent in this place.
 E = Time spent auto-exploring this place.
 F = Levels seen in this place.
 G = Mean time per level.
                   A        B        C        D        E       F      G
               +--------+--------+--------+--------+--------+-----+--------+
         Total |   1813 |   1813 |      0 |    115 |      0 |   3 |  604.3 |
       Dungeon |   1813 |   1813 |      0 |    115 |      0 |   3 |  604.3 |
               +--------+--------+--------+--------+--------+-----+--------+

Top non-repeatable levels by time:
     D:2: 937 daAuts
     D:1: 779 daAuts
     D:3: 97 daAuts
